Map: 아크로폴리스 - 래더

Players

Cure - Winner!

  • Race: Terran Terran
  • League: Master
  • Spawn Location: 5:00

LiquidTaeJa (TaeJa)

  • Race: Terran Terran
  • League: Master
  • Spawn Location: 11:00

Event: HomeStory Cup XX

VOD

Have the link to the VOD?

Description

Time

  • Played on: Nov. 21, 2019, 9 a.m.
  • Length: 3:59

All games in this series

Show
View Real Time Build Order
Export as new Build Order

Cure Terran - Winner!

Build Orders:  

Get SALT Encoding   

  12  0:00  SCV  
  13  0:13  Supply Depot  
  13  0:17  SCV  
  14  0:37  Barracks  
  14  0:40  Refinery  
  14  0:53  Barracks  
  14  0:57  SCV  
  15  1:10  SCV  
  16  1:24  Orbital Command, Reaper  
  17  1:32  Refinery  
  17  1:40  Reaper  
  18  1:50  SCV  
  18  1:51  Supply Depot  
  19  1:58  Reaper  
  20  2:02  SCV  
  21  2:12  Reaper  
  21  2:14  SCV  
  23  2:26  SCV  
  23  2:28  Factory  
  24  2:36  Reaper  
  25  2:38  SCV  
  26  2:50  SCV  
  26  3:03  SCV  
  27  3:12  Factory Tech Lab  
  27  3:15  SCV  
  27  3:16  Command Center  
  28  3:28  Supply Depot  
  27  3:36  SCV  
  30  3:51  Starport  
Show
View Real Time Build Order
Export as new Build Order

LiquidTaeJa Terran 

Build Orders: Reaper Expand 

Get SALT Encoding   

  12  0:00  SCV  
  13  0:12  SCV  
  14  0:17  Supply Depot  
  14  0:25  SCV  
  15  0:39  SCV  
  15  0:40  Barracks  
  15  0:42  Refinery  
  16  0:51  SCV  
  17  1:03  SCV  
  18  1:15  SCV  
  19  1:27  Orbital Command, Reaper  
  20  1:40  Command Center  
  20  1:51  Bunker  
  20  1:52  Bunker  
  20  1:53  SCV  
  21  1:59  Marine, Supply Depot  
  22  2:03  Factory  
  22  2:05  SCV  
  23  2:10  Refinery  
  23  2:20  Marine, SCV  
  25  2:33  SCV  
  26  2:38  Marine  
  27  2:45  SCV  
  27  2:49  Hellion  
  26  2:56  Marine  
  26  3:01  Starport  
  26  3:04  SCV  
  27  3:11  Factory Tech Lab  
  27  3:14  Barracks Reactor  
  27  3:17  SCV  
  28  3:27  Command Center  
  24  3:34  SCV  
  24  3:46  SCV  
Tags
 
Add a new tag
Caveats
  • Supply blocks, unpowered buildings, or Contaminate may cause inaccurate times.
  • Supply counts are checked every 10 seconds.